 Dungeon Crawl Stone Soup version 0.32-a0-841-g4648e6c457 (webtiles) character file.

Game seed: 5870752090619958553

6720 caek the Cleaver (level 11, -6/91 HPs)
             Began as a Coglin Chaos Knight on Mar 26, 2024.
             Was a Priest of Okawaru.
             Killed from afar by a rime drake (14 damage)
             ... with an icy flash freeze
             ... on level 9 of the Dungeon.
             The game lasted 00:30:19 (9560 turns).

caek the Cleaver (Coglin Chaos Knight)              Turns: 9560, Time: 00:30:20

Health: -6/91      AC: 11    Str: 17    XL:     11   Next: 4%
Magic:  11/12      EV: 13    Int:  9    God:    Okawaru [***...]
Gold:   1033       SH:  0    Dex: 14    Spells: 10/10 levels left

rFire   . . .        q - +0 hand axe {Paullus}
rCold   . . .        r - +0 whip (venom) {Nefertari}
rNeg    . . .        L - +0 steam dragon scales
rPois   .            t - +0 hat
rElec   .            v - +0 cloak
rCorr   .            n - +0 pair of gloves
SInv    .            p - +1 pair of boots
Will    .....        (amulet unavailable)
Stlth   +++          (ring unavailable)
HPRegen 0.35/turn    (ring unavailable)
MPRegen 0.13/turn    (no gizmo)

%: no passive effects
@: heroic, attractive, slowed, revved, very slow
A: off-hand wielding, slow wielding, warmup strikes, no jewellery, dopey 1, low
MP 2, inability to read after injury 1
a: Invent Gizmo, Renounce Religion, Heroism


You were on level 9 of the Dungeon.
You worshipped Okawaru.
Okawaru was most pleased with you.
You visited 2 branches of the dungeon, and saw 10 of its levels.
You also visited: Ossuary.

You collected 1033 gold pieces.

Inventory:

Hand Weapons
 q - a +0 hand axe (weapon) {Paullus}
 r - a +0 whip of venom (offhand) {Nefertari}
Missiles
 b - a throwing net
 l - a javelin
 G - a curare-tipped dart (quivered)
Armour
 n - a +0 pair of gloves (worn)
 p - a +1 pair of boots (worn)
 t - a +0 hat (worn)
 v - a +0 cloak (worn)
 L - +0 steam dragon scales (worn)
Wands
 F - a wand of warping (10)
 K - a wand of flame (11)
Scrolls
 a - a scroll of blinking {unknown}
 d - a scroll of teleportation
 e - 2 scrolls of noise
 k - a scroll of poison
 s - a scroll of enchant weapon
 u - a scroll of vulnerability {unknown}
 w - a scroll of immolation {unknown}
 y - 2 scrolls of enchant armour
 A - a scroll of torment {unknown}
 D - 2 scrolls of revelation {unknown}
 E - 2 scrolls of fear
 I - a scroll of acquirement {unknown}
Potions
 c - a potion of enlightenment {unknown}
 f - a potion of magic
 g - 2 potions of might
 j - 2 potions of ambrosia
 m - 3 potions of lignification
 x - 2 potions of curing
 z - a potion of invisibility
 C - 3 potions of haste {unknown}
 H - a potion of cancellation {unknown}
 J - 2 potions of mutation {unknown}


   Skills:
 + Level 10.2(15.2) Fighting
 + Level 11.8(16.8) Axes
 - Level 1.7(6.7) Armour
 - Level 0.8(5.8) Dodging
 + Level 5.8 Invocations


You had 10 spell levels left.
You didn't know any spells.
Your spell library contained the following spells:

 Spells                   Type           Power      Damage    Failure   Level
 Apportation              Tloc           0%         N/A       38%         1
 Necrotise                Necr           0%         1d4       38%         1
 Sting                    Conj/Alch      0%         1d3       38%         1
 Jinxbite                 Hex            0%         N/A       52%         2
 Lesser Beckoning         Tloc           0%         N/A       52%         2
 Gell's Gravitas          Tloc           0%         N/A       77%         3
 Teleport Other           Tloc           0%         N/A       77%         3
 Manifold Assault         Tloc           0%         N/A       99%         4
 Yara's Violent Unravell  Hex/Alch       0%         3d3       100%        5
 Dispersal                Tloc           0%         N/A       100%        6
 Enfeeble                 Hex            0%         N/A       100%        7
 Disjunction              Tloc           0%         N/A       100%        8
 Chain Lightning          Conj/Air       0%         N/A       100%        9
 Fire Storm               Conj/Fire      0%         5d1       100%        9
 Shatter                  Erth           0%         3d5*      100%        9
 Summon Small Mammal      Summ           Unusable   N/A       N/A         1

Dungeon Overview and Level Annotations

Branches:
Dungeon (9/15)             Temple (1/1) D:6         Ossuary (visited)
   Lair: D:8-11         Orc: D:9-12

Altars:
Ashenzari
Cheibriados
Elyvilon
Fedhas
Hepliaklqana
Kikubaaqudgha
Makhleb
Nemelex Xobeh
Okawaru
Qazlal
Ru
Sif Muna
Trog
Uskayaw
Vehumet
Wu Jian
Xom
Yredelemnul
Zin
The Shining One

Shops:
D:5 *   D:9 *


Innate Abilities, Weirdness & Mutations

You can wield a second weapon in your off-hand.
It takes a long time for you to wield or remove held weapons.
Your first few attacks do less damage.
You cannot equip rings or amulets.
You are dopey. (Int -2)
Your magical capacity is very low. (-20% MP)
You occasionally lose the ability to read scrolls when taking damage.


Message History

Okawaru accepts your kill. The rime drake breathes ice at you.
The icy flash freeze hits you!!
* * * LOW HITPOINT WARNING * * *
You are encased in ice.
You feel attractive to monsters. The rime drake is attracted toward you.
You hit the rime drake but do no damage.
You closely miss the rime drake with your +0 whip of venom.
The ice encasing you melts away.
The rime drake bites you but does no damage.
You hit the rime drake but do no damage.
The rime drake is poisoned.
You hit the rime drake with your +0 hand axe.
The rime drake misses you.
You barely miss the rime drake with your +0 hand axe.
The rime drake is lightly wounded.
You closely miss the rime drake with your +0 whip of venom.
The rime drake bites you but does no damage.
You slash the rime drake with your +0 hand axe!
The rime drake is heavily wounded.
You hit the rime drake but do no damage.
The rime drake looks even sicker.
The rime drake breathes ice at you. The icy flash freeze hits you!!
* * * LOW HITPOINT WARNING * * *
You are encased in ice.
You feel better. The rime drake misses you. The rime drake bites you.
* * * LOW HITPOINT WARNING * * *
You hit the rime drake but do no damage.
The rime drake is heavily wounded.
You hit the rime drake with your +0 whip of venom.
The rime drake looks as sick as possible!
You hit the rime drake but do no damage.
The rime drake is severely wounded.
You hit the rime drake with your +0 hand axe.
The ice encasing you melts away. The rime drake breathes ice at you.
The icy flash freeze hits you!
You die...

#++##...... ......#.#
........... #.......#
..........# ........#
.......<... #....#..#
........... ....?...#
.!.......∩. ........#
......#....
#..k.#..........#ß...
#...@#...........#...
#....#........... ...
#....# .......... ..#
###....# .........
#......###@.......
#........#........
#........#........
#..))#####@.......
....
#....#............


You could see a rime drake (extremely poisoned, catching breath).

Vanquished Creatures
  A boulder beetle (D:8)
  A two-headed ogre (D:8)
  Erica (D:9)
  Joseph (D:9)
  3 wyverns
  Grum (D:9)
  A steam dragon (D:8)
  2 water moccasins
  An orc warrior (D:8)
  2 sky beasts (D:8)
  2 ice beasts
  4 ogres
  3 wolves
  2 centaurs (D:8)
  An elf zombie (Ossuary)
  Blork the orc (D:6)
  2 kobold brigands
  6 bullfrogs
  A scorpion (D:5)
  2 gnoll sergeants (D:8)
  9 killer bees
  3 howler monkeys
  3 centaur zombies (Ossuary)
  A human zombie (Ossuary)
  7 hounds
  2 orc priests (D:5)
  A gnoll bouda (D:8)
  2 jellies (D:5)
  A sleepcap (D:6)
  Jessica (D:3)
  4 iguanas
  4 orc wizards
  6 hound zombies (Ossuary)
  2 mummies (Ossuary)
  20 gnolls
  6 adders
  A shadow imp (D:5)
  4 white imps
  2 ufetubi (D:6)
  8 adder zombies (Ossuary)
  13 orcs
  8 ball pythons
  6 endoplasms
  2 giant cockroaches (D:2)
  3 gnoll zombies (Ossuary)
  7 goblins
  7 hobgoblins
  9 kobolds
  3 quokkas
  7 bats
  5 jackal zombies (Ossuary)
  5 kobold zombies (Ossuary)
  4 orc zombies (Ossuary)
  5 rats
209 creatures vanquished.

Vanquished Creatures (others)
  A human (D:3)
  An orc wizard (D:8)
2 creatures vanquished.

Grand Total: 211 creatures vanquished

Notes
Turn   | Place    | Note
-------+----------+-------------------------------------------
     0 | D:1      | caek the Coglin Chaos Knight began the quest for the Orb.
     0 | D:1      | Reached XP level 1. HP: 18/18 MP: 1/1
    31 | D:1      | XOM: divination: detect items
    91 | D:1      | XOM: silly message
   519 | D:1      | Reached XP level 2. HP: 24/24 MP: 2/2
   894 | D:2      | XOM: silly message
   918 | D:2      | Reached XP level 3. HP: 29/29 MP: 3/3
   933 | D:2      | Reached skill level 4 in Axes
  1048 | D:2      | Reached XP level 4. HP: 37/37 MP: 4/4
  1166 | D:2      | XOM: noise
  1403 | D:2      | Reached XP level 5. HP: 42/42 MP: 5/5
  1410 | D:2      | Reached skill level 5 in Axes
  1481 | D:2      | XOM: cloud trail
  1527 | D:2      | XOM: noise
  1904 | D:3      | XOM is BORED!
  2020 | D:3      | Noticed Jessica
  2066 | D:4      | XOM: stealth player
  2080 | D:4      | XOM: noise
  2400 | D:3      | XOM: divination: detect items
  2526 | D:3      | XOM: silly message
  2551 | D:3      | Found an ancient bone altar of Kikubaaqudgha.
  2551 | D:3      | Noticed a human
  2555 | D:3      | Killed a human
  2842 | D:3      | Killed Jessica
  2843 | D:3      | Reached XP level 6. HP: 49/49 MP: 6/6
  2928 | D:3      | Found a shimmering blue altar of Sif Muna.
  3279 | D:4      | XOM: scenery: 3 doors open
  3340 | D:4      | XOM: give mutations
  3340 | D:4      | Gained mutation: Your body sometimes deteriorates upon
                  | taking damage. [Xom's mischief]
  3340 | D:4      | Lost mutation: Your body sometimes deteriorates upon taking
                  | damage. [Xom's mischief]
  3340 | D:4      | Gained mutation: You occasionally lose the ability to read
                  | scrolls when taking damage. [Xom's mischief]
  3382 | D:4      | XOM: noise
  3438 | D:4      | Reached skill level 6 in Axes
  3614 | D:5      | Entered Level 5 of the Dungeon
  3661 | D:5      | Reached skill level 5 in Fighting
  3717 | D:5      | Noticed a water moccasin
  3724 | D:5      | XOM: 2-stop teleportation journey
  3732 | D:5      | XOM: give mutations
  3732 | D:5      | Gained mutation: You have hidden genetic defects. [Xom's
                  | mischief]
  3732 | D:5      | Lost mutation: You occasionally lose the ability to read
                  | scrolls when taking damage. [Xom's mischief]
  3732 | D:5      | Gained mutation: You occasionally shout uncontrollably at
                  | your foes. [Xom's mischief]
  3732 | D:5      | Gained mutation: Your magical capacity is low. (-10% MP)
                  | [Xom's mischief]
  3762 | D:5      | Reached XP level 7. HP: 56/56 MP: 6/6
  3790 | D:5      | Found a sand-covered staircase.
  3796 | Ossuary  | Entered an ossuary
  3824 | Ossuary  | Gained mutation: You are frail. (-10% HP) [hidden defects]
  3942 | Ossuary  | Reached skill level 7 in Axes
  3950 | Ossuary  | Gained mutation: You occasionally lose the ability to read
                  | scrolls when taking damage. [hidden defects]
  3950 | Ossuary  | Lost mutation: You have hidden genetic defects. [hidden
                  | defects expressed]
  4224 | D:5      | Reached XP level 8. HP: 57/57 MP: 7/7
  4240 | D:5      | Reached skill level 8 in Axes
  4350 | D:4      | XOM: blink monster(s)
  4360 | D:4      | XOM: give mutations
  4360 | D:4      | Gained mutation: You expend magic power (3 MP) to
                  | strengthen your wands. [Xom's mischief]
  4360 | D:4      | Gained mutation: You have a beak for a mouth. [Xom's
                  | mischief]
  4360 | D:4      | Gained mutation: You are occasionally teleported next to
                  | monsters. [Xom's mischief]
  4473 | D:5      | XOM: silly message
  4533 | D:5      | Reached skill level 9 in Axes
  4686 | D:5      | Found a burning altar of Makhleb.
  4861 | D:5      | Found a basalt altar of Yredelemnul.
  4938 | D:5      | Found Roila's Serpentskin Sales.
  5104 | D:6      | XOM: god gift: shortbow {god gift}
  5316 | D:6      | XOM: 7-stop teleportation journey
  5326 | D:6      | Noticed Blork the orc
  5338 | D:6      | Killed Blork the orc
  5692 | D:6      | Found a staircase to the Ecumenical Temple.
  5700 | Temple   | Entered the Ecumenical Temple
  5714 | Temple   | Fell from the grace of Xom
  5714 | Temple   | Became a worshipper of Warmaster Okawaru
  6009 | D:7      | Reached XP level 9. HP: 64/64 MP: 8/8
  6052 | D:7      | Reached skill level 1 in Invocations
  6304 | D:7      | XOM: god gift: potion of might
  6369 | D:7      | Found a flagged portal.
  6377 | D:7      | Identified the +3 halberd of Tipob {drain, rF+ rC+ Will-
                  | Stlth+}
  6495 | D:7      | Reached skill level 10 in Axes
  6846 | D:7      | XOM: give mutations
  6846 | D:7      | Gained mutation: Your magical capacity is very low. (-20%
                  | MP) [Xom's mischief]
  6846 | D:7      | Lost mutation: You are frail. (-10% HP) [Xom's mischief]
  6846 | D:7      | Lost mutation: You are occasionally teleported next to
                  | monsters. [Xom's mischief]
  6975 | D:8      | Reached * piety under Okawaru
  6978 | D:8      | XOM: give mutations
  6978 | D:8      | Lost mutation: You occasionally shout uncontrollably at
                  | your foes. [Xom's mischief]
  6978 | D:8      | Lost mutation: You have a beak for a mouth. [Xom's
                  | mischief]
  6978 | D:8      | Lost mutation: You expend magic power (3 MP) to strengthen
                  | your wands. [Xom's mischief]
  6978 | D:8      | Gained mutation: You are dopey. (Int -2) [Xom's mischief]
  7274 | D:8      | Noticed a two-headed ogre
  7290 | D:8      | Killed a two-headed ogre
  7327 | D:8      | Reached ** piety under Okawaru
  7328 | D:8      | Reached XP level 10. HP: 82/82 MP: 10/10
  7438 | D:8      | XOM: god gift: glowing spear {god gift}
  7588 | D:8      | Found a blossoming altar of Fedhas.
  7613 | D:8      | XOM: noise
  7643 | D:8      | Found a stormy altar of Qazlal.
  7763 | D:8      | Found a glowing golden altar of the Shining One.
  8147 | D:8      | XOM: chaos upgrade
  8165 | D:8      | Noticed a boulder beetle
  8391 | D:8      | Reached skill level 11 in Axes
  8555 | D:8      | Reached *** piety under Okawaru
  8558 | D:8      | XOM: noise
  8575 | D:8      | Killed a boulder beetle
  8700 | D:8      | Reached skill level 5 in Invocations
  8733 | D:8      | XOM: noise
  8914 | D:9      | Found Cetafro's Assorted Antiques.
  8920 | D:9      | Noticed Joseph
  8922 | D:9      | Noticed a two-headed ogre
  9147 | D:9      | Found a shimmering altar of Xom.
  9476 | D:9      | Noticed Erica
  9489 | D:9      | Killed Erica
  9508 | D:9      | Noticed Grum
  9533 | D:9      | Killed Joseph
  9534 | D:9      | Reached skill level 10 in Fighting
  9538 | D:9      | Reached XP level 11. HP: 22/90 MP: 10/12
  9543 | D:9      | Killed Grum
  9557 | D:9      | HP: 4/91 [rime drake/icy flash freeze (19)]
  9560 | D:9      | Killed from afar by a rime drake

Illustrated notes

Levels and vault maps discovered:
D:1:      evilmike_arrival_crescent, layout_loops_corners, amethyst_killhole
D:2:      layout_basic, corner_web_ring, minmay_pentomino_u2
D:3:      layout_loops_corners, tgw_kikubaaqudgha, tgw_sif
D:4:      layout_gridville
D:5:      layout_cave_pools, mainiacjoe_overflow_brackets,
          overflow_temple_1_default, enter_ossuary_5, guppyfry_shop_venom
D:6:      lemuel_ice_spiral_2, layout_basic, minmay_temple_entry_glassed_door,
          uniq_blork_the_orc
D:7:      layout_basic, enter_bailey_2
D:8:      minmay_polygon_palace, layout_basic, lemuel_round_altar,
          mainiacjoe_overflow_large_starburst
D:9:      layout_irregular_city, general_overflow_altar,
          overflow_temple_1_default, hellmonk_lair_entry_icy,
          nicolae_stop_n_shop_1, uniq_joseph, uniq_erica, uniq_grum,
          uniq_erolcha
Temple:   chequers_temple_sunken

Skill      XL: |  1  2  3  4  5  6  7  8  9 10 |
---------------+-------------------------------+-----
Axes           | 4 5 6 7 9 10 11 | 11.8
Fighting       | 4 5 7 8 10 | 10.2
Invocations    | 3 5 |  5.8
Armour         | |  1.7
Dodging        | |  0.8

Action                     |  1- 3 |  4- 6 |  7- 9 | 10-12 || total
---------------------------+-------+-------+-------+-------++-------
  Melee: Hand axe          |    31 |    87 |   262 |   144 ||   524
         Dagger            |     9 |       |       |       ||     9
         Trident           |    37 |       |       |       ||    37
         Whip              |       |    80 |   259 |   142 ||   481
         Peck              |       |       |    21 |       ||    21
  Throw: Boomerang         |       |    54 |    18 |       ||    72
         Javelin           |       |       |    45 |    14 ||    59
         Dart              |       |       |     3 |    25 ||    28
 Invoke: Heroism           |       |       |     1 |     4 ||     5
  Evoke: Wand              |       |       |     3 |     4 ||     7
    Use: Scroll            |       |     8 |     3 |     7 ||    18
         Potion            |       |       |     2 |     5 ||     7
   Stab: Confused          |       |     1 |     2 |       ||     3
         Sleeping          |       |     1 |       |       ||     1
         Held in net/web   |       |       |     2 |       ||     2
         Petrifying        |       |       |     1 |       ||     1
 Armour: Leather armour    |    22 |    50 |   208 |    45 ||   325
         Steam dragon scal |       |       |       |    73 ||    73
  Dodge: Dodged            |    20 |    41 |   151 |    98 ||   310

Table legend: (Time is in decaauts)
 A = Elapsed time spent in this place.
 B = Non-inter-level travel time spent in this place.
 C = Inter-level travel time spent in this place.
 D = Time resting spent in this place.
 E = Time spent auto-exploring this place.
 F = Levels seen in this place.
 G = Mean time per level.
                   A        B        C        D        E       F      G
               +--------+--------+--------+--------+--------+-----+--------+
         Total |   9636 |   9221 |    415 |    630 |   6715 |  11 |  876.0 |
       Dungeon |   9220 |   8818 |    402 |    630 |   6497 |   9 | 1024.4 |
        Temple |     30 |     17 |     13 |      0 |      0 |   1 |   30.0 |
       Ossuary |    384 |    384 |      0 |      0 |    218 |   1 |  384.0 |
               +--------+--------+--------+--------+--------+-----+--------+

Top non-repeatable levels by time:
     D:8: 2537 daAuts
     D:3: 1141 daAuts
     D:4: 1056 daAuts
     D:6: 940 daAuts
     D:5: 893 daAuts
     D:7: 850 daAuts
     D:1: 846 daAuts
     D:2: 734 daAuts
 Ossuary: 384 daAuts
     D:9: 218 daAuts
  Temple: 30 daAuts
